 Dungeon Crawl Stone Soup version 0.21-a0-538-gd16b88a (webtiles) character file.

5044 tidbits the Martial Artist (level 10, -3/76 HPs)
             Began as a Gnoll Transmuter on Dec 16, 2017.
             Was a Priest of Cheibriados.
             Slain by a troll (8 damage)
             ... on level 1 of the Orcish Mines.
             The game lasted 00:31:27 (3352 turns).

tidbits the Martial Artist (Gnoll Transmuter)       Turns: 3352, Time: 00:31:27

Health: -3/76      AC: 10    Str: 20    XL:     10   Next: 55%
Magic:  14/21      EV: 18    Int: 29    God:    Cheibriados [***...]
Gold:   463        SH:  4    Dex: 24    Spells: 10/23 levels left

rFire    . . .     SeeInvis .   a - +3 hand axe (elec)
rCold    . . .     Gourm    .   (no shield)
rNeg     . . .     Faith    .   B - +0 leather armour (curse)
rPois    .         Spirit   .   g - +2 helmet
rElec    .         Reflect  +   C - +1 cloak
rCorr    .         Harm     .   G - +0 pair of gloves
MR       .....     Rnd*Rage +   (no boots)
Stlth    +++.......             y - +4 amulet of reflection
HPRegen  0.22/turn              (no ring)
MPRegen  0.17/turn              (no ring)

@: very slow
A: distributed training, claws 1, fangs 1, berserk 1, clever 1, strong nose
a: Bend Time, Temporal Distortion, Renounce Religion


You were on level 1 of the Orcish Mines.
You worshipped Cheibriados.
Cheibriados was most pleased with you.
You were not hungry.

You visited 3 branches of the dungeon, and saw 13 of its levels.
You also visited: Ossuary.

You collected 463 gold pieces.

Inventory:

Hand Weapons
 a - a +3 hand axe of electrocution (weapon)
   (You took it off an orc on level 5 of the Dungeon)
 b - a +1 whip of electrocution
   (You found it on level 2 of the Dungeon)
 n - a +0 hunting sling
 o - a +0 hand axe of chopping
   (You found it on level 2 of the Dungeon)
Missiles
 e - 158 stones (quivered)
 l - 74 sling bullets
 m - 75 bolts
 s - 37 arrows
 P - 2 throwing nets {!f}
Armour
 g - a +2 helmet (worn)
 p - a +0 robe
 B - a cursed +0 leather armour (worn)
 C - a +1 cloak (worn)
 E - a +0 cloak
 G - a +0 pair of gloves (worn)
 V - a +0 shield
Jewellery
 y - a +4 amulet of reflection (around neck)
   (You found it on level 7 of the Dungeon)
Wands
 u - a wand of iceblast (6)
 A - a wand of clouds (4)
 J - a wand of acid (7)
 O - a wand of scattershot (5)
 W - a wand of digging (9)
 X - a wand of enslavement (20)
Scrolls
 j - 6 scrolls of remove curse
 q - a scroll of brand weapon {unknown}
 t - 2 scrolls of teleportation
 F - 3 scrolls of amnesia
 K - a scroll of vulnerability
 L - 2 scrolls of blinking
 Q - a scroll of fog {unknown}
 R - a scroll of identify
 S - a scroll of noise {unknown}
Potions
 i - 2 potions of flight {unknown}
 k - 4 potions of heal wounds {unknown}
 r - a potion of magic {unknown}
 v - a potion of cancellation {unknown}
 w - a potion of curing
 x - 2 potions of brilliance
 z - 5 potions of agility
 D - 2 potions of ambrosia
 H - 3 potions of might
 I - 2 potions of berserk rage
 N - 3 potions of lignification
 T - a potion of resistance
Books
 c - a book of Changes

   Spells                             Type                      Level
   a - Beastly Appendage              Transmutation                1
   b - Sticks to Snakes               Transmutation                2
   c - Spider Form                    Transmutation/Poison         3
   d - Ice Form                       Ice/Transmutation            4
   e - Blade Hands                    Transmutation                5
 U - a book of Misfortune
   (You found it on level 7 of the Dungeon)

   Spells                             Type                      Level
   a - Confusing Touch                Hexes                        1
   b - Confuse                        Hexes                        3
   c - Gell's Gravitas                Translocation                3
   d - Petrify                        Transmutation/Earth          4
   e - Metabolic Englaciation         Hexes/Ice                    5
   f - Yara's Violent Unravelling     Hexes/Transmutation          5
 Y - a book of Callings
   (You found it on level 10 of the Dungeon)

   Spells                             Type                      Level
   a - Summon Small Mammal            Summoning                    1
   b - Call Imp                       Summoning                    2
   c - Call Canine Familiar           Summoning                    3
   d - Summon Guardian Golem          Hexes/Summoning              3
   e - Summon Lightning Spire         Summoning/Air                4
   f - Summon Ice Beast               Ice/Summoning                4
Comestibles
 d - 9 bread rations
 f - 6 meat rations


   Skills:
 + Level 6.0 Fighting
 + Level 5.3 Short Blades
 + Level 5.3 Long Blades
 + Level 5.3 Axes
 + Level 5.3 Maces & Flails
 + Level 5.3 Polearms
 + Level 5.3 Staves
 + Level 5.3 Slings
 + Level 5.3 Bows
 + Level 5.3 Crossbows
 + Level 5.3 Throwing
 + Level 5.3 Armour
 + Level 7.1 Dodging
 + Level 5.3 Stealth
 + Level 5.3 Shields
 + Level 8.5 Unarmed Combat
 + Level 7.4 Spellcasting
 + Level 4.3 Conjurations
 + Level 4.3 Hexes
 + Level 4.3 Charms
 + Level 4.3 Summonings
 + Level 4.3 Necromancy
 + Level 4.3 Translocations
 + Level 5.9 Transmutations
 + Level 4.3 Fire Magic
 + Level 4.3 Ice Magic
 + Level 4.3 Air Magic
 + Level 4.3 Earth Magic
 + Level 4.3 Poison Magic
 + Level 5.8 Invocations
 + Level 5.3 Evocations


You had 10 spell levels left.
You knew the following spells:

 Your Spells              Type           Power        Failure   Level  Hunger
c - Confuse               Hex            #####...     2%          3    None
e - Beastly Appendage     Tmut           #####.       1%          1    None
k - Sticks to Snakes      Tmut           #####...     1%          2    None
p - Spider Form           Tmut/Pois      #####.....   1%          3    None
L - Summon Lightning Spi  Summ/Air       #####...     9%          4    ##.....


Dungeon Overview and Level Annotations

Branches:
Dungeon (11/15)            Temple (1/1) D:6             Orc (1/2) D:10
   Lair: D:8-11

Altars:
Cheibriados
Hepliaklqana
Kikubaaqudgha
Makhleb
Nemelex Xobeh
Okawaru
Trog
Uskayaw
Wu Jian
Zin


Innate Abilities, Weirdness & Mutations

Your experience applies equally to all skills.
You have very sharp teeth.
Your uncanny sense of smell can sniff out nearby items.
You have sharp fingernails.
You tend to lose your temper in combat.
Your mind is acute. (Int +2)


Message History

Your lightning spire shoots out a bolt of lightning at the troll zombie!
The bolt of electricity hits the troll zombie. x2
The bolt of electricity hits your lightning spire.
Your lightning spire completely resists.
The troll zombie bites your lightning spire but does no damage.
The troll zombie claws your lightning spire. x2
You catch the helpless troll zombie completely off-guard!
You hit the troll zombie.
The troll zombie is severely damaged.
Your lightning spire shoots out a bolt of lightning at the troll zombie!
The bolt of electricity hits the troll zombie. x2
The troll zombie is destroyed!
Cheibriados appreciates the change of pace.
The bolt of electricity hits your lightning spire.
Your lightning spire completely resists.
Your lightning spire shoots out a bolt of lightning at the orc zombie!
The bolt of electricity hits the orc zombie.
The orc zombie is destroyed!
Cheibriados thoroughly appreciates the change of pace.
The bolt of electricity hits your lightning spire.
Your lightning spire completely resists.
Your lightning spire disappears in a puff of smoke!
There is a staircase to the Orcish Mines here.
You climb downwards.
Welcome to the Orcish Mines!
An orc warrior, an orc wizard and 2 trolls come into view.
The orc warrior shouts!
The troll shouts!
You hear a shout! x2
The orc wizard shouts!
The troll shouts!
You hear a shout!
Found 78 gold pieces.
Found a stone staircase leading down.
There is a staircase back to the Dungeon here.
Unknown command.
Drop what? 51/52 slots (_ for help) (? for menu, Esc to quit)
Okay, then.
Unknown command.
As you read the scroll of enchant weapon, it crumbles to dust.
Your +2 hand axe of electrocution glows red for a moment.
You hear a shout! x2
The orc warrior throws a tomahawk.
The tomahawk hits you!
The orc wizard mumbles some strange words.
The orc wizard seems to speed up.
An orc knight comes into view. It is wielding an enchanted battleaxe.
Casting: Summon Lightning Spire
Confirm with . or Enter, or press ? or * to list all spells.
Aiming: Summon Lightning Spire
Press: ? - help, Dir - move target cursor An electric hum fills the air.
The orc knight shouts!
You hear a shout!
You hear a distant blaring wail to the south.
The orc wizard gestures at you while chanting.
The puff of flame hits you!
The orc warrior throws a tomahawk.
You reflect the tomahawk off an invisible shield around you!
The tomahawk hits the orc warrior.
An orc priest comes into view.
Casting: Summon Lightning Spire
Confirm with . or Enter, or press ? or * to list all spells.
You create 3 snakes!
You now have 38 arrows.
The troll bites your adder!
Your adder dies!
The orc priest miscasts a cantrip.
The orc warrior throws a tomahawk.
The tomahawk barely misses you.
An orc comes into view. It is wielding a club.
Casting: Sticks to Snakes
Confirm with . or Enter, or press ? or * to list all spells.
You create a snake!
You now have 37 arrows.
You hit the orc wizard.
Lightning courses through the orc wizard!
You kill the orc wizard!
Cheibriados thoroughly appreciates the change of pace.
Cheibriados raises the support of your attributes as your movement slows.
Your Fighting skill increases to level 6!
You hit the troll.
Your adder bites the troll.
The troll is poisoned.
Your adder poisons the troll!
Your adder misses the troll.
Your adder bites the troll.
The troll bites you! The troll claws you. x2
* * * LOW HITPOINT WARNING * * *
The troll bites you!
* * * LOW HITPOINT WARNING * * *
The troll claws you but does no damage. You block the troll's attack.
Your lightning spire shoots out a bolt of lightning at the troll!
The bolt of electricity hits the troll. x2
The orc priest casts a cantrip, but nothing happens.
You hit the troll.
The troll is severely wounded.
You hit the troll but do no damage. Lightning courses through the troll!
Your adder closely misses the troll.
Your adder bites the troll.
The troll is poisoned.
Your adder poisons the troll!
The troll bites you!
* * * LOW HITPOINT WARNING * * *
The troll closely misses you. The troll barely misses you.
The troll completely misses you. The troll closely misses you.
The troll claws you but does no damage.
The orc priest looks satisfied for a moment.
Your adder barely misses the troll.
As you read the scroll of fear, it crumbles to dust.
You assume a fearsome visage.
The orc knight looks frightened!
The orc looks frightened!
The orc warrior looks frightened!
The orc priest looks frightened!
The troll resists with some effort.
The troll looks frightened!
Your lightning spire is unaffected.
Your adder bites the troll.
The troll looks even sicker.
Your adder poisons the troll!
Your adder bites the troll.
The troll looks even sicker.
Your adder poisons the troll!
Your adder closely misses the troll.
The troll bites you!
You die...

##. .... . #..
...#### $.
...##.#.#$.#
... ...........
.... .#.......#
. ...#.......#
....#..SS8..#.#
.......@T......
.......T).$....
........S..o...
..#..>.o....#..
............o..
............#..
.......o(...# #
.............


You could see an orc knight (fleeing), 2 trolls, an orc warrior (fleeing), an
orc priest (fleeing), an orc (fleeing), a friendly lightning spire and 3
friendly adders.

Vanquished Creatures
  A two-headed ogre (D:10)
  An unseen horror (D:6)
  Maurice (D:8)
  A hippogriff (D:10)
  Prince Ribbit (D:5)
  A hungry ghost (D:7)
  Menkaure (D:7)
  A two-headed ogre zombie (D:10)
  A phantom (D:4)
  2 black bears (D:7)
  4 ogres
  2 sky beasts
  An ice beast (D:8)
  A centaur (D:6)
  An elf zombie (Ossuary)
  4 bullfrogs
  3 scorpions
  A troll zombie (D:10)
  A howler monkey (D:8)
  3 crimson imps
  A human zombie (Ossuary)
  2 jellies
  An orc priest (D:5)
  3 hounds
  4 orc wizards
  A centaur skeleton (D:10)
  An iguana (D:4)
  7 worker ants
  An ogre zombie (D:10)
  A big kobold zombie (Ossuary)
  A hound zombie (Ossuary)
  4 mummies (Ossuary)
  A worker ant zombie (D:8)
  7 adders
  3 gnolls (D:6)
  A howler monkey skeleton (D:6)
  2 shadow imps
  An ooze (D:1)
  3 adder zombies
  A worm (D:2)
  A dart slug (D:1)
  3 leopard geckos
  14 orcs
  A ball python (D:6)
  2 giant cockroaches
  7 goblins
  8 hobgoblins
  5 jackals
  3 quokkas
  7 bats
  A gnoll zombie (Ossuary)
  3 goblin zombies
  2 jackal zombies
  2 kobolds
  5 orc zombies (D:10)
  A quokka skeleton (D:8)
  A quokka zombie (D:8)
  5 rats
149 creatures vanquished.

Vanquished Creatures (collateral kills)
  A troll (D:10)
  A hornet (D:10)
  A hungry ghost (D:10)
  A phantom (D:10)
  A big kobold (D:10)
  2 troll zombies (D:10)
  2 howler monkeys
  An orc priest (D:10)
  An iguana (D:10)
  3 ogre zombies (D:10)
  An adder (D:7)
  An adder zombie (Ossuary)
  An orc (D:5)
  A goblin skeleton (D:10)
  4 goblin zombies
  A hobgoblin skeleton (D:10)
  3 hobgoblin zombies (D:10)
  3 kobolds (D:10)
  A kobold zombie (Ossuary)
  An orc skeleton (D:10)
  8 orc zombies (D:10)
  A rat zombie (Ossuary)
40 creatures vanquished.

Grand Total: 189 creatures vanquished

Notes
Turn   | Place    | Note
-------+----------+-------------------------------------------
     0 | D:1      | tidbits the Gnoll Transmuter began the quest for the Orb.
     0 | D:1      | Reached XP level 1. HP: 17/17 MP: 6/6
   113 | D:1      | Reached XP level 2. HP: 23/23 MP: 5/7
   117 | D:1      | Learned a level 2 spell: Sticks to Snakes
   265 | D:1      | Reached XP level 3. HP: 18/28 MP: 7/9
   270 | D:1      | Learned a level 3 spell: Spider Form
   360 | D:2      | Reached skill level 5 in Spellcasting
   554 | D:2      | Reached skill level 1 in Invocations
   730 | D:2      | Reached skill level 1 in Short Blades
   730 | D:2      | Reached skill level 1 in Long Blades
   730 | D:2      | Reached skill level 1 in Axes
   730 | D:2      | Reached skill level 1 in Maces & Flails
   730 | D:2      | Reached skill level 1 in Polearms
   730 | D:2      | Reached skill level 1 in Staves
   730 | D:2      | Reached skill level 1 in Slings
   730 | D:2      | Reached skill level 1 in Bows
   730 | D:2      | Reached skill level 1 in Crossbows
   730 | D:2      | Reached skill level 1 in Throwing
   730 | D:2      | Reached skill level 1 in Armour
   730 | D:2      | Reached skill level 1 in Stealth
   730 | D:2      | Reached skill level 1 in Shields
   730 | D:2      | Reached skill level 1 in Evocations
   765 | D:2      | Found a burning altar of Makhleb.
   783 | D:3      | Reached XP level 4. HP: 34/34 MP: 11/11
   907 | D:4      | Noticed a bullfrog
   908 | D:4      | Noticed a phantom
   937 | D:4      | Killed a phantom
   937 | D:4      | Reached skill level 3 in Fighting
   937 | D:4      | Reached skill level 1 in Conjurations
   937 | D:4      | Reached skill level 1 in Hexes
   937 | D:4      | Reached skill level 1 in Charms
   937 | D:4      | Reached skill level 1 in Summonings
   937 | D:4      | Reached skill level 1 in Necromancy
   937 | D:4      | Reached skill level 1 in Translocations
   937 | D:4      | Reached skill level 4 in Transmutations
   937 | D:4      | Reached skill level 1 in Fire Magic
   937 | D:4      | Reached skill level 1 in Ice Magic
   937 | D:4      | Reached skill level 1 in Air Magic
   937 | D:4      | Reached skill level 1 in Earth Magic
   937 | D:4      | Reached skill level 1 in Poison Magic
   937 | D:4      | Reached XP level 5. HP: 13/41 MP: 5/12
   944 | D:4      | Reached skill level 2 in Invocations
   944 | D:4      | Reached XP level 6. HP: 16/47 MP: 5/13
  1057 | D:4      | Reached skill level 2 in Short Blades
  1057 | D:4      | Reached skill level 2 in Long Blades
  1057 | D:4      | Reached skill level 2 in Axes
  1057 | D:4      | Reached skill level 2 in Maces & Flails
  1057 | D:4      | Reached skill level 2 in Polearms
  1057 | D:4      | Reached skill level 2 in Staves
  1057 | D:4      | Reached skill level 2 in Slings
  1057 | D:4      | Reached skill level 2 in Bows
  1057 | D:4      | Reached skill level 2 in Crossbows
  1057 | D:4      | Reached skill level 2 in Throwing
  1057 | D:4      | Reached skill level 2 in Armour
  1057 | D:4      | Reached skill level 5 in Dodging
  1057 | D:4      | Reached skill level 2 in Stealth
  1057 | D:4      | Reached skill level 2 in Shields
  1057 | D:4      | Reached skill level 2 in Evocations
  1144 | D:5      | Entered Level 5 of the Dungeon
  1146 | D:5      | Noticed a phantom
  1151 | D:5      | Reached XP level 7. HP: 47/52 MP: 5/15
  1180 | D:5      | Noticed Prince Ribbit
  1182 | D:5      | Killed Prince Ribbit
  1182 | D:5      | Reached skill level 7 in Unarmed Combat
  1182 | D:5      | Reached skill level 2 in Conjurations
  1182 | D:5      | Reached skill level 2 in Hexes
  1182 | D:5      | Reached skill level 2 in Charms
  1182 | D:5      | Reached skill level 2 in Summonings
  1182 | D:5      | Reached skill level 2 in Necromancy
  1182 | D:5      | Reached skill level 2 in Translocations
  1182 | D:5      | Reached skill level 2 in Fire Magic
  1182 | D:5      | Reached skill level 2 in Ice Magic
  1182 | D:5      | Reached skill level 2 in Air Magic
  1182 | D:5      | Reached skill level 2 in Earth Magic
  1182 | D:5      | Reached skill level 2 in Poison Magic
  1367 | D:5      | Reached skill level 3 in Invocations
  1443 | D:6      | Reached XP level 8. HP: 50/60 MP: 11/16
  1502 | D:6      | Reached skill level 4 in Fighting
  1506 | D:6      | Reached skill level 3 in Short Blades
  1506 | D:6      | Reached skill level 3 in Long Blades
  1506 | D:6      | Reached skill level 3 in Axes
  1506 | D:6      | Reached skill level 3 in Maces & Flails
  1506 | D:6      | Reached skill level 3 in Polearms
  1506 | D:6      | Reached skill level 3 in Staves
  1506 | D:6      | Reached skill level 3 in Slings
  1506 | D:6      | Reached skill level 3 in Bows
  1506 | D:6      | Reached skill level 3 in Crossbows
  1506 | D:6      | Reached skill level 3 in Throwing
  1506 | D:6      | Reached skill level 3 in Armour
  1506 | D:6      | Reached skill level 3 in Stealth
  1506 | D:6      | Reached skill level 3 in Shields
  1506 | D:6      | Reached skill level 3 in Evocations
  1604 | D:6      | Found a sand-covered staircase.
  1620 | Ossuary  | Entered an ossuary
  1626 | Ossuary  | Gained mutation: You tend to lose your temper in combat. [potion of mutation]
  1626 | Ossuary  | Gained mutation: You have sharp fingernails. [potion of mutation]
  1683 | Ossuary  | Reached skill level 6 in Spellcasting
  1946 | D:6      | Found a staircase to the Ecumenical Temple.
  1955 | Temple   | Entered the Ecumenical Temple
  1968 | Temple   | Became a worshipper of Cheibriados the Contemplative
  2002 | D:6      | HP: 3/60 [centaur/arrow (13)]
  2341 | D:6      | Killed an unseen horror
  2341 | D:6      | Reached * piety under Cheibriados
  2341 | D:6      | Reached skill level 4 in Short Blades
  2341 | D:6      | Reached skill level 4 in Long Blades
  2341 | D:6      | Reached skill level 4 in Axes
  2341 | D:6      | Reached skill level 4 in Maces & Flails
  2341 | D:6      | Reached skill level 4 in Polearms
  2341 | D:6      | Reached skill level 4 in Staves
  2341 | D:6      | Reached skill level 4 in Slings
  2341 | D:6      | Reached skill level 4 in Bows
  2341 | D:6      | Reached skill level 4 in Crossbows
  2341 | D:6      | Reached skill level 4 in Throwing
  2341 | D:6      | Reached skill level 4 in Armour
  2341 | D:6      | Reached skill level 6 in Dodging
  2341 | D:6      | Reached skill level 4 in Stealth
  2341 | D:6      | Reached skill level 4 in Shields
  2341 | D:6      | Reached skill level 3 in Conjurations
  2341 | D:6      | Reached skill level 3 in Hexes
  2341 | D:6      | Reached skill level 3 in Charms
  2341 | D:6      | Reached skill level 3 in Summonings
  2341 | D:6      | Reached skill level 3 in Necromancy
  2341 | D:6      | Reached skill level 3 in Translocations
  2341 | D:6      | Reached skill level 5 in Transmutations
  2341 | D:6      | Reached skill level 3 in Fire Magic
  2341 | D:6      | Reached skill level 3 in Ice Magic
  2341 | D:6      | Reached skill level 3 in Air Magic
  2341 | D:6      | Reached skill level 3 in Earth Magic
  2341 | D:6      | Reached skill level 3 in Poison Magic
  2341 | D:6      | Reached skill level 4 in Invocations
  2341 | D:6      | Reached skill level 4 in Evocations
  2341 | D:6      | Reached XP level 9. HP: 62/67 MP: 14/18
  2508 | D:7      | Found a hazy altar of Hepliaklqana.
  2573 | D:7      | Learned a level 3 spell: Confuse
  2601 | D:7      | Reached skill level 5 in Fighting
  2682 | D:7      | Noticed Menkaure
  2695 | D:7      | Killed Menkaure
  2739 | D:8      | Reached skill level 8 in Unarmed Combat
  2765 | D:8      | Noticed Maurice
  2781 | D:8      | Killed Maurice
  2781 | D:8      | Reached skill level 5 in Invocations
  2838 | D:7      | Found a glowing silver altar of Zin.
  2870 | D:8      | Reached XP level 10. HP: 43/74 MP: 15/20
  2886 | D:8      | Reached skill level 7 in Spellcasting
  2932 | D:9      | Found an iron altar of Okawaru.
  2953 | D:10     | Entered Level 10 of the Dungeon
  2956 | D:10     | Reached skill level 4 in Conjurations
  2956 | D:10     | Reached skill level 4 in Hexes
  2956 | D:10     | Reached skill level 4 in Charms
  2956 | D:10     | Reached skill level 4 in Summonings
  2956 | D:10     | Reached skill level 4 in Necromancy
  2956 | D:10     | Reached skill level 4 in Translocations
  2956 | D:10     | Reached skill level 4 in Fire Magic
  2956 | D:10     | Reached skill level 4 in Ice Magic
  2956 | D:10     | Reached skill level 4 in Air Magic
  2956 | D:10     | Reached skill level 4 in Earth Magic
  2956 | D:10     | Reached skill level 4 in Poison Magic
  2975 | D:10     | Gained mutation: You expend magic power (3 MP) to strengthen your wands. [mutagenic meat]
  2976 | D:10     | Gained mutation: Your mind is acute. (Int +2) [mutagenic meat]
  2977 | D:10     | Lost mutation: You expend magic power (3 MP) to strengthen your wands. [mutagenic meat]
  2995 | D:10     | Reached ** piety under Cheibriados
  3073 | D:10     | Learned a level 4 spell: Summon Lightning Spire
  3080 | D:10     | Found a staircase to the Orcish Mines.
  3089 | D:10     | Reached skill level 5 in Short Blades
  3089 | D:10     | Reached skill level 5 in Long Blades
  3089 | D:10     | Reached skill level 5 in Axes
  3089 | D:10     | Reached skill level 5 in Maces & Flails
  3089 | D:10     | Reached skill level 5 in Polearms
  3089 | D:10     | Reached skill level 5 in Staves
  3089 | D:10     | Reached skill level 5 in Slings
  3089 | D:10     | Reached skill level 5 in Bows
  3089 | D:10     | Reached skill level 5 in Crossbows
  3089 | D:10     | Reached skill level 5 in Throwing
  3089 | D:10     | Reached skill level 5 in Armour
  3089 | D:10     | Reached skill level 5 in Stealth
  3089 | D:10     | Reached skill level 5 in Shields
  3089 | D:10     | Reached skill level 5 in Evocations
  3207 | D:10     | Noticed a two-headed ogre
  3215 | D:10     | Killed a two-headed ogre
  3215 | D:10     | Reached skill level 7 in Dodging
  3232 | D:10     | Reached *** piety under Cheibriados
  3282 | D:10     | Found an ornate altar of the Wu Jian Council.
  3345 | Orc:1    | Entered Level 1 of the Orcish Mines
  3347 | Orc:1    | Noticed an orc knight
  3350 | Orc:1    | Reached skill level 6 in Fighting
  3351 | Orc:1    | HP: 5/76 [troll (12)]
  3352 | Orc:1    | Slain by a troll

Vault maps used:
D:1:      dpeg_arrival_simpleton_a
D:2:      lemuel_upstairs_altar, nicolae_overflow_hidden_temple,
          grunt_gozag_breadcrumbs, uniq_crazy_yiuf_cottage
D:3:      lemuel_coloured_pillars_altar, first_bread
D:4:      kennysheep_mini, serial_corexii_hall, corexii_hall_statues_i,
          corexii_hall_statues_x, corexii_hall_statues_i
D:5:      st_stairs_6, serial_bayou_pond_b, hex_tiny, uniq_prince_ribbit1,
          uniq_duvessa
D:6:      minmay_temple_entry_butterflies, nicolae_ossuary_entry_monument,
          kennysheep_potato
D:7:      lemuel_crystal_altar, kennysheep_little_box, uniq_menkaure
D:8:      uniq_maurice
D:9:      minmay_cut_squares, old_standard_altar, blue_anna_alchemist
D:10:     zombieorc2_lemuel, basic_altar
D:11:     dpeg_oklobed_lair
Temple:   eino_temple_scatter_basement
Orc:1:    uniq_snorg, uniq_gastronok
Ossuary:  ossuary_minmay_tomb_2a

Skill      XL: |  1  2  3  4  5  6  7  8  9 10 |
---------------+-------------------------------+-----
Spellcasting   | 5 6 7 |  7.4
Invocations    | 1 2 3 4 5 |  5.8
Short Blades   | 1 2 4 5 |  5.3
Long Blades    | 1 2 4 5 |  5.3
Axes           | 1 2 4 5 |  5.3
Maces & Flails | 1 2 4 5 |  5.3
Polearms       | 1 2 4 5 |  5.3
Staves         | 1 2 4 5 |  5.3
Slings         | 1 2 4 5 |  5.3
Bows           | 1 2 4 5 |  5.3
Crossbows      | 1 2 4 5 |  5.3
Throwing       | 1 2 4 5 |  5.3
Armour         | 1 2 4 5 |  5.3
Stealth        | 1 2 4 5 |  5.3
Shields        | 1 2 4 5 |  5.3
Evocations     | 1 2 4 5 |  5.3
Fighting       | 3 4 5 6 |  6.0
Conjurations   | 1 2 3 4 |  4.3
Hexes          | 1 2 3 4 |  4.3
Charms         | 1 2 3 4 |  4.3
Summonings     | 1 2 3 4 |  4.3
Necromancy     | 1 2 3 4 |  4.3
Translocations | 1 2 3 4 |  4.3
Transmutations | 4 5 |  5.9
Fire Magic     | 1 2 3 4 |  4.3
Ice Magic      | 1 2 3 4 |  4.3
Air Magic      | 1 2 3 4 |  4.3
Earth Magic    | 1 2 3 4 |  4.3
Poison Magic   | 1 2 3 4 |  4.3
Dodging        | 5 6 7 |  7.1
Unarmed Combat | 7 8 |  8.5

Action                   |  1- 3 |  4- 6 |  7- 9 | 10-12 || total
-------------------------+-------+-------+-------+-------++-------
Melee: Unarmed           |    63 |    51 |   228 |    47 ||   389
       Kick              |     2 |       |       |       ||     2
       Headbutt          |     3 |       |       |       ||     3
       Bite              |     2 |     3 |     3 |     8 ||    16
       Punch             |     1 |       |       |     5 ||     6
       Whip              |     2 |    15 |    15 |       ||    32
       Hand axe          |       |       |    17 |    43 ||    60
 Cast: Beastly Appendage |    10 |     2 |       |       ||    12
       Sticks to Snakes  |     2 |     3 |    23 |     8 ||    36
       Spider Form       |     8 |    10 |    30 |     7 ||    55
       Confuse           |       |       |     2 |     1 ||     3
       Summon Lightning  |       |       |       |     8 ||     8
 Abil: End Transformatio |       |     2 |     2 |     4 ||     8
Evoke: Wand              |       |     3 |    14 |       ||    17
  Use: Scroll            |     3 |       |    14 |     3 ||    20
       Potion            |       |       |     7 |       ||     7
 Stab: Sleeping          |     2 |       |     2 |     1 ||     5
       Distracted        |       |     1 |     4 |     5 ||    10
  Eat: Royal jelly       |     1 |       |     1 |       ||     2
       Chunk             |       |       |     2 |     4 ||     6
       Fruit             |       |       |     2 |       ||     2
       Bread ration      |       |       |     1 |       ||     1
Armor: Robe              |     6 |     1 |     7 |       ||    14
       Skin              |       |     1 |    15 |     3 ||    19
       Leather armour    |       |       |     3 |     9 ||    12
Dodge: Dodged            |    37 |    54 |   276 |    75 ||   442
Block: Other             |       |       |    10 |     8 ||    18
       Reflection        |       |       |       |     1 ||     1

Table legend:
 A = Spawn XP
 B = Non-spawn XP
 C = Spawn XP percentage of total XP
 D = Spawn monster count
 E = Non-spawn monster count
 F = Spawn count percentage of total count
 G = Total turns spent on level
                    A         B        C        D         E        F      G
               +---------+---------+-------+---------+---------+-------+---------
         Total |       0 |    7207 |   0.0 |       0 |     189 |   0.0 |  3352
               +---------+---------+-------+---------+---------+-------+---------
           D:1 |       0 |      34 |   0.0 |       0 |      16 |   0.0 |   363
           D:2 |       0 |      47 |   0.0 |       0 |      12 |   0.0 |   410
           D:3 |       0 |      17 |   0.0 |       0 |       8 |   0.0 |   131
           D:4 |       0 |     609 |   0.0 |       0 |      21 |   0.0 |   352
           D:5 |       0 |     576 |   0.0 |       0 |      18 |   0.0 |   453
           D:6 |       0 |    1564 |   0.0 |       0 |      21 |   0.0 |   446
           D:7 |       0 |     725 |   0.0 |       0 |      14 |   0.0 |   339
           D:8 |       0 |     976 |   0.0 |       0 |      10 |   0.0 |   166
           D:9 |       0 |      70 |   0.0 |       0 |       1 |   0.0 |    35
          D:10 |       0 |    2229 |   0.0 |       0 |      50 |   0.0 |   376
          D:11 |       0 |      97 |   0.0 |       0 |       1 |   0.0 |    16
         Orc:1 |       0 |      39 |   0.0 |       0 |       1 |   0.0 |     7
       Ossuary |       0 |     224 |   0.0 |       0 |      16 |   0.0 |   226
               +---------+---------+-------+---------+---------+-------+---------

Table legend:
 A = Turns spent in this place as a percentage of turns spent in the entire game.
 B = Non-inter-level travel turns spent in this place as a percentage of non-inter-level travel turns spent in the entire game.
 C = Inter-level travel turns spent in this place as a percentage of turns spent in this place.
 D = Turns resting spent in this place as a percentage of non-inter-level travel turns spent in this place.
 E = Turns spent auto-exploring this place as a percentage of non-inter-level travel turns spent in this place.
 F = Non-inter-level travel turns spent in this place divided by the number of levels of this place that you've seen.
                   A       B       C       D       E      F
               +-------+-------+-------+-------+-------+----------------------
         Total | 100.0 | 100.0 |   0.4 |   0.0 |   0.1 | 238.6
       Dungeon |  92.1 |  92.4 |   0.0 |   0.0 |   0.0 | 280.6
        Temple |   1.0 |   0.6 |  37.5 |   0.0 |  10.0 |  20.0
  Orcish Mines |   0.2 |   0.2 |   0.0 |   0.0 |   0.0 |   7.0
       Ossuary |   6.7 |   6.8 |   0.0 |   0.0 |   0.0 | 226.0
               +-------+-------+-------+-------+-------+----------------------

Table legend:
 A = Kills in this place as a percentage of kills in entire the game.
 B = Kills by you in this place as a percentage of kills by you in the entire game.
 C = Kills by friends in this place as a percentage of kills by friends in the entire game.
 D = Other kills in this place as a percentage of other kills in the entire game.
 E = Experience gained in this place as a percentage of experience gained in the entire game.
 F = Experience gained in this place divided by the number of levels of this place that you have seen.
                   A       B       C       D       E      F
               +-------+-------+-------+-------+-------+----------------------
         Total | 100.0 | 100.0 | 100.0 |   N/A | 100.0 | 514.8
       Dungeon |  91.0 |  91.3 |  90.0 |   N/A |  96.4 | 631.3
  Orcish Mines |   0.5 |   0.7 |   0.0 |   N/A |   0.5 |  39.0
       Ossuary |   8.5 |   8.1 |  10.0 |   N/A |   3.1 | 224.0
               +-------+-------+-------+-------+-------+----------------------

Vault maps used:
D:1:      dpeg_arrival_simpleton_a
D:2:      lemuel_upstairs_altar, nicolae_overflow_hidden_temple,
          grunt_gozag_breadcrumbs, uniq_crazy_yiuf_cottage
D:3:      lemuel_coloured_pillars_altar, first_bread
D:4:      kennysheep_mini, serial_corexii_hall, corexii_hall_statues_i,
          corexii_hall_statues_x, corexii_hall_statues_i
D:5:      st_stairs_6, serial_bayou_pond_b, hex_tiny, uniq_prince_ribbit1,
          uniq_duvessa
D:6:      minmay_temple_entry_butterflies, nicolae_ossuary_entry_monument,
          kennysheep_potato
D:7:      lemuel_crystal_altar, kennysheep_little_box, uniq_menkaure
D:8:      uniq_maurice
D:9:      minmay_cut_squares, old_standard_altar, blue_anna_alchemist
D:10:     zombieorc2_lemuel, basic_altar
D:11:     dpeg_oklobed_lair
Temple:   eino_temple_scatter_basement
Orc:1:    uniq_snorg, uniq_gastronok
Ossuary:  ossuary_minmay_tomb_2a
